 Dungeon Crawl Stone Soup version 0.29.1-4-g47bece8355 (webtiles) character file.

Game seed: 2036446512333183777

7301 styxcanada the Unseen (level 10, -1/51 HPs)
             Began as a Spriggan Brigand on Dec 2, 2022.
             Was an Initiate of Gozag.
             Slain by an orc warlord
             ... wielding a +5 battleaxe
              (20 damage)
             ... in a bailey.
             The game lasted 00:52:09 (11369 turns).

styxcanada the Unseen (Spriggan Brigand)           Turns: 11369, Time: 00:52:10

Health: -1/51      AC: 15    Str: 13    XL:     10   Next: 90%
Magic:  19/19      EV: 22    Int: 16    God:    Gozag
Gold:   1120       SH:  0    Dex: 18    Spells: 17/20 levels left

rFire   . . .      SeeInvis +   a - +4 dagger (vorpal)
rCold   + + .      Faith    .   (no shield)
rNeg    + + .      Spirit   .   H - +1 acid dragon scales
rPois   +          Reflect  .   w - +2 hat "Tomeczip" {*Slow rElec rPois rN++}
rElec   +          Harm     .   c - +1 cloak
rCorr   +          Rampage  .   (gloves unavailable)
Will    +....                   (boots unavailable)
Stlth   ++++++....              s - amulet of magic regeneration
HPRegen 0.17/turn               e - +4 ring of protection
MPRegen 0.56/turn               x - ring of Hot Nekk {rC++ Str+6 Int+3 Dex-3}

@: gold aura, very quick
A: very small, no large weapons, unfitting armour, see invisible, speed 3
a: Renounce Religion, Potion Petition, Call Merchant, Bribe Branch


You were in a bailey.
You worshipped Gozag.
Gozag was most pleased with you.
You visited 2 branches of the dungeon, and saw 9 of its levels.
You also visited: Sewer and Bailey.

You collected 1213 gold pieces.
You paid 93 gold pieces to Gozag.

Inventory:

Hand Weapons
 a - a +4 vorpal dagger (weapon)
 m - a +3 dagger
 u - a +1 long sword of flaming
 v - a +4 sling of flaming
 F - a +3 sling
Missiles
 d - 13 poisoned darts (quivered)
 p - 70 stones
 r - 2 curare-tipped darts
 I - 5 boomerangs
Armour
 b - a +0 robe
 c - a +1 cloak (worn)
 w - the +2 hat "Tomeczip" (worn) {*Slow rElec rPois rN++}
   (You acquired it on level 5 of the Dungeon)

   rElec:     It insulates you from electricity.
   rPois:     It protects you from poison.
   rN:        It greatly protects you from negative energy.
   *Slow:     It may slow you when you take damage.
 H - +1 acid dragon scales (worn)
Jewellery
 e - a +4 ring of protection (left hand)
 k - a ring of ice
 l - a ring of protection from cold
 s - an amulet of magic regeneration (around neck)
 t - a +6 ring of intelligence
 x - the ring of Hot Nekk (right hand) {rC++ Str+6 Int+3 Dex-3}
   (You acquired it on level 7 of the Dungeon)

   [ring of strength]

   Str:       It affects your strength (+6).
   Int:       It affects your intelligence (+3).
   Dex:       It affects your dexterity (-3).
   rC:        It greatly protects you from cold.
 G - a ring of wizardry
Wands
 y - a wand of mindburst (12)
Scrolls
 f - 3 scrolls of amnesia
 g - a scroll of butterflies
 q - a scroll of enchant armour
 z - 2 scrolls of fear
 B - 2 scrolls of teleportation
Potions
 h - 3 potions of flight
 i - 3 potions of cancellation
 j - 3 potions of haste
 n - a potion of curing
 o - a potion of ambrosia
 A - a potion of resistance {unknown}
 C - 3 potions of brilliance {unknown}
 D - 2 potions of heal wounds
 E - 2 potions of mutation {unknown}


   Skills:
 + Level 5.0 Fighting
 + Level 6.8 Short Blades
 + Level 3.3 Ranged Weapons
 + Level 5.9 Throwing
 * Level 0.6 Armour
 * Level 9.4 Dodging
 * Level 15.1 Stealth
 * Level 5.6 Spellcasting
 * Level 2.2 Conjurations
 * Level 2.5 Fire Magic
 * Level 5.9 Evocations


You had 17 spell levels left.
You knew the following spells:

 Your Spells              Type           Power      Damage    Failure   Level
a - Conjure Flame         Conj/Fire      12%        6-21      24%         3

Your spell library contained the following spells:

 Spells                   Type           Power      Damage    Failure   Level
 Ignite Poison            Fire/Tmut/Pois 7%         N/A       41%         3
 Gell's Gravitas          Tloc           4%         N/A       54%         3
 Teleport Other           Tloc           4%         N/A       54%         3
 Sticky Flame             Conj/Fire      12%        2d4       61%         4
 Dispersal                Tloc           2%         N/A       100%        6


Dungeon Overview and Level Annotations

Branches:
Dungeon (8/15)             Temple (1/1) D:5           Sewer (visited)
 Bailey (1/1)
   Lair: D:8-11

Altars:
Ashenzari
Dithmenos
Elyvilon
Gozag
Hepliaklqana
Kikubaaqudgha
Makhleb
Nemelex Xobeh
Okawaru
Qazlal
Sif Muna
Uskayaw
Vehumet
Wu Jian
Yredelemnul
The Shining One


Innate Abilities, Weirdness & Mutations

You are very small and have problems with some larger weapons.
You are too small for most types of armour.
You have supernaturally acute eyesight. (SInv)
You cover ground extremely quickly. (Speed+++)


Message History

Throw: 16 darts (poison)
Press: ? - help, Q - select action, (/) - cycle Shift-Dir - straight line, f/p - orc warlord
Aim: an orc warlord, wielding a +5 battleaxe and wearing a +0 chain mail (lightly wounded, strong, very poisoned, 72% to hit)
You throw a poisoned dart.
The poisoned dart barely misses the orc warlord.
There is an open door here.
You see here a poisoned dart.
Items here: $ ( ) ? [.
Throw: 15 darts (poison)
Press: ? - help, Q - select action, (/) - cycle Shift-Dir - straight line, f/p - orc warlord
Aim: an orc warlord, wielding a +5 battleaxe and wearing a +0 chain mail (lightly wounded, strong, poisoned, 72% to hit)
You throw a poisoned dart. The poisoned dart hits the orc knight!
The orc knight looks as sick as possible!
The orc knight is almost dead.
Things that are here:
9 gold pieces; a +0 hand axe; a +0 leather armour
Things that are here:
8 gold pieces; a +0 hand axe; a +0 leather armour Throw: 14 darts (poison)
Press: ? - help, Q - select action, (/) - cycle Shift-Dir - straight line, f/p - orc warlord
Aim: an orc warlord, wielding a +5 battleaxe and wearing a +0 chain mail (lightly wounded, strong, poisoned, 72% to hit)
You throw a poisoned dart. The poisoned dart hits the orc warlord.
The orc warlord is lightly wounded.
You kill the orc knight!
The orc warlord is distracted by your dazzling golden aura.
Your Fighting skill increases to level 5!
Things that are here:
8 gold pieces; a +0 hand axe; a +0 leather armour
Things that are here:
9 gold pieces; a +0 hand axe; a +0 leather armour The orc warlord looks more healthy.
The orc warlord shouts!
You hit the orc warlord but do no damage.
The orc warlord is no longer distracted by gold.
The orc warlord is lightly wounded.
You hit the orc warlord but do no damage.
The orc warlord is lightly wounded.
The orc warlord hits you with a +5 battleaxe!!
You die...
Your body crumbles into a pile of gold.

#.....⌠.....###'###..)..
##.........###...###....
#....$....#.......#....
##.((....##.......##...
#.......# #... ##((...##
##.. ##(#### ###
##..o..## ##.. #..(.@..#
#... ##...$$..## ##...
#...)$....#


$$$$$ #...) ##.....$$..##$$ $$##.... #.....)$$...#######.....
##.........##)....##.... #...)..)$$#...)...#.... ##..$....##)......##...
#....)..'$.....$..'... You could see an orc warlord (strong).

Vanquished Creatures
  Pikel (D:4)
  2 orc knights (Bailey)
  Prince Ribbit (D:8)
  Sigmund (D:6)
  A wyvern (D:7)
  A steam dragon (D:7)
  An ice beast (D:6)
  2 sky beasts (D:6)
  12 orc warriors
  3 black bears
  A centaur (D:5)
  2 ogres
  A phantom (D:6)
  7 kobold brigands
  2 bullfrogs (D:7)
  4 scorpions
  3 howler monkeys (D:7)
  A jelly (D:4)
  5 orc priests
  A hound (D:5)
  Jessica (D:2)
  3 iguanas
  6 orc wizards
  Ijyb (D:4)
  12 gnolls
  6 adders
  2 white imps
  2 ufetubi
  2 worms (D:3)
  3 dart slugs
  44 orcs
  7 endoplasms
  5 giant cockroaches
  22 goblins
  12 hobgoblins
  4 quokkas
  12 ball pythons
  8 bats
  6 frilled lizards
  29 kobolds
  9 rats
248 creatures vanquished.

Vanquished Creatures (others)
  A plant (Sewer)
1 creature vanquished.

Grand Total: 249 creatures vanquished

Notes
Turn   | Place    | Note
-------+----------+-------------------------------------------
     0 | D:1      | styxcanada the Spriggan Brigand began the quest for the
                  | Orb.
     0 | D:1      | Reached XP level 1. HP: 10/10 MP: 2/2
    21 | D:1      | Reached skill level 6 in Stealth
   192 | D:1      | Reached XP level 2. HP: 14/14 MP: 3/3
   770 | D:1      | Reached skill level 7 in Stealth
   779 | D:1      | Found a faded altar of an unknown god.
  1176 | D:1      | Reached XP level 3. HP: 18/18 MP: 4/4
  1537 | D:2      | Noticed Jessica
  1569 | D:2      | Killed Jessica
  2146 | D:2      | Noticed a black bear
  2399 | D:3      | Reached XP level 4. HP: 20/23 MP: 5/5
  2512 | D:3      | Reached skill level 8 in Stealth
  2816 | D:3      | Found an iron altar of Okawaru.
  3161 | D:3      | Reached XP level 5. HP: 26/26 MP: 6/6
  4189 | D:4      | Noticed a lemure
  4192 | D:4      | Noticed a lemure
  4194 | D:4      | Noticed a lemure
  4199 | D:4      | Noticed Pikel
  4200 | D:4      | Noticed a lemure
  4498 | D:4      | Found a glowing golden altar of the Shining One.
  4509 | D:4      | Reached XP level 6. HP: 30/30 MP: 7/7
  4620 | D:4      | Noticed Ijyb
  4658 | D:4      | Killed Ijyb
  4825 | D:4      | Reached skill level 9 in Stealth
  5321 | D:4      | Killed Pikel
  5322 | D:4      | Reached skill level 10 in Stealth
  5322 | D:4      | Reached XP level 7. HP: 30/35 MP: 8/8
  5584 | D:4      | Found a basalt altar of Yredelemnul.
  5612 | D:5      | Entered Level 5 of the Dungeon
  5652 | D:5      | Found a staircase to the Ecumenical Temple.
  5661 | Temple   | Entered the Ecumenical Temple
  5725 | D:5      | Found a stormy altar of Qazlal.
  5778 | D:5      | Reached skill level 11 in Stealth
  5778 | D:5      | Reached XP level 8. HP: 40/40 MP: 9/9
  5869 | D:5      | Reached skill level 5 in Dodging
  5939 | D:5      | Identified a scroll of acquirement
  5939 | D:5      | Acquired the +2 hat "Tomeczip" {*Slow rElec rPois rN++}
  6154 | D:4      | Found a burning altar of Makhleb.
  6154 | D:4      | Found an opulent altar of Gozag.
  6165 | D:4      | Became a worshipper of Gozag Ym Sagoz the Greedy
  6270 | D:5      | Found a glowing drain.
  6281 | Sewer    | Entered a sewer
  6393 | Sewer    | Reached skill level 5 in Short Blades
  6393 | Sewer    | Reached skill level 12 in Stealth
  6744 | Sewer    | Learned a level 3 spell: Conjure Flame
  6744 | Sewer    | Reached skill level 5 in Throwing
  6744 | Sewer    | Reached skill level 14 in Stealth
  6744 | Sewer    | Reached skill level 5 in Spellcasting
  6744 | Sewer    | Reached skill level 5 in Evocations
  6744 | Sewer    | Reached XP level 9. HP: 45/45 MP: 9/17
  7373 | D:6      | Noticed Sigmund
  7419 | D:6      | Reached skill level 1 in Ranged Weapons
  7430 | D:6      | Killed Sigmund
  7573 | D:6      | Found a broken altar of Ashenzari.
  7624 | D:6      | Reached XP level 10. HP: 51/51 MP: 18/18
  9303 | D:7      | Acquired the ring of Hot Nekk {rC++ Str+6 Int+3 Dex-3}
  9614 | D:7      | Found a shadowy altar of Dithmenos.
  9775 | D:8      | Noticed Prince Ribbit
  9776 | D:8      | Killed Prince Ribbit
  9790 | D:8      | Found a flagged portal.
  9831 | D:8      | Reached skill level 15 in Stealth
  9865 | Bailey   | Entered a bailey
 10713 | Bailey   | Noticed an orc knight
 10752 | Bailey   | Killed an orc knight
 10849 | Bailey   | Noticed an orc warlord
 11111 | Bailey   | Noticed an orc knight
 11362 | Bailey   | Killed an orc knight
 11363 | Bailey   | Reached skill level 5 in Fighting
 11369 | Bailey   | Slain by an orc warlord

Illustrated notes

Levels and vault maps discovered:
D:1:      ncdulo_lavacross, layout_basic,
          hellmonk_ecumenical_altar_leap_of_faith
D:2:      layout_loops_ring, serial_rivers, chequers_serial_rivers_micro_b,
          chequers_serial_rivers_micro_c, chequers_serial_rivers_micro_d,
          chequers_serial_rivers_marsh, kennysheep_jessica_study
D:3:      layout_loops_corners, okawaru_ov_weapons_minmay, st_stairs_6,
          minmay_starry_boxes
D:4:      layout_basic, nicolae_overflow_hidden_temple,
          mainiacjoe_overflow_cross_hatched, corexii_item_surrounded_by_moat,
          uniq_ijyb, uniq_pikel
D:5:      layout_cave_pools, nicolae_qazlal_scattered_showers,
          minmay_temple_entry_junction, serial_rivers,
          chequers_serial_rivers_micro_a, chequers_serial_rivers_small_3,
          chequers_serial_rivers_marsh, chequers_serial_rivers_large_a,
          chequers_serial_rivers_micro_b, chequers_serial_rivers_large_b,
          portal_sewer_entry_d
D:6:      layout_basic, ashenzari_altar_1, uniq_sigmund
D:7:      layout_loops_cross, mainiacjoe_overflow_surrounded_room
D:8:      layout_cave_pools, fedhas_altar_fruit_tree,
          minmay_overflow_temple_star_quad, tgw_xom, cheibrodos_worm_habitat,
          enter_bailey_5, gammafunk_ghost_hydra_chop, uniq_gastronok,
          uniq_prince_ribbit1
Temple:   hellmonk_temple_two_chambers
Bailey:   bailey_axe_minmay_hex_keep, bailey

Skill      XL: |  1  2  3  4  5  6  7  8  9 10 |
---------------+-------------------------------+-----
Stealth        | 6 7 8 10 11 14 15 | 15.1
Dodging        | 2 3 4 8 9 |  9.4
Fighting       | 2 3 4 5 |  5.0
Short Blades   | 3 4 6 |  6.8
Throwing       | 3 5 |  5.9
Spellcasting   | 5 |  5.6
Conjurations   | 2 |  2.2
Fire Magic     | 2 |  2.5
Evocations     | 5 |  5.9
Ranged Weapons | 1 3 |  3.3
Armour         | |  0.6

Action                   |  1- 3 |  4- 6 |  7- 9 | 10-12 || total
-------------------------+-------+-------+-------+-------++-------
Melee: Dagger            |    85 |   112 |   133 |   289 ||   619
       Punch             |       |       |     1 |     8 ||     9
 Fire: Sling             |       |       |    27 |   180 ||   207
Throw: Dart              |    17 |    48 |    43 |    41 ||   149
       Stone             |       |     1 |     5 |       ||     6
Evoke: Wand              |       |       |       |    12 ||    12
  Use: Scroll            |     7 |     6 |     2 |    10 ||    25
       Potion            |       |     1 |     2 |     1 ||     4
 Stab: Sleeping          |    11 |    10 |    18 |     3 ||    42
       Invisible         |       |     1 |     3 |       ||     4
       Distracted        |       |     1 |       |     1 ||     2
Armor: Robe              |     9 |    11 |    16 |    17 ||    53
       Acid dragon scale |       |       |       |    27 ||    27
Dodge: Dodged            |    64 |    90 |    91 |   224 ||   469
